 Dungeon Crawl Stone Soup version 0.32-a0-799-g95e1662365 (webtiles) character file.

Game seed: 17203635535239554882

16 zenocrate the Digger (level 2, -1/18 HPs)
             Began as an Octopode Earth Elementalist on Mar 21, 2024.
             Slain by a kobold
             ... wielding a +0 dagger
              (2 damage)
             ... on level 1 of the Dungeon.
             The game lasted 00:00:48 (182 turns).

zenocrate the Digger (Octopode Earth Elementalist)   Turns: 182, Time: 00:00:48

Health: -1/18      AC:  1    Str:  7    XL:     2   Next: 54%
Magic:  5/5        EV:  2    Int: 17    God:
Gold:   32         SH:  0    Dex: 12    Spells: 4/5 levels left

rFire   . . .        a - +0 dagger
rCold   . . .        (no shield)
rNeg    . . .        (helmet restricted)
rPois   .            (no amulet)
rElec   .            (no ring)
rCorr   .            (no ring)
SInv    .            (no ring)
Will    .....        (no ring)
Stlth   +++          (no ring)
HPRegen 0.23/turn    (no ring)
MPRegen 0.09/turn    (no ring)
                     (no ring)

%: no passive effects
@: constricted
A: almost no armour, amphibious, 8 rings, camouflage 1, gelatinous body 1,
(nimble swimmer 1), tentacles
a: no special abilities


You were on level 1 of the Dungeon.
You visited 1 branch of the dungeon, and saw 1 of its levels.

You collected 32 gold pieces.

Inventory:

Hand Weapons
 a - a +0 dagger (weapon)
Scrolls
 d - 2 scrolls of blinking {unknown}
 e - a scroll of teleportation {unknown}
Potions
 b - a potion of mutation {unknown}
 c - a potion of magic
 f - a potion of haste {unknown}


   Skills:
 + Level 0.7 Fighting
 + Level 2.1 Dodging
 * Level 3.1 Stealth
 + Level 2.1 Spellcasting
 + Level 1.3 Conjurations
 + Level 3.1 Earth Magic


You had 4 spell levels left.
You knew the following spells:

 Your Spells              Type           Power      Damage    Failure   Level
a - Sandblast             Erth           24%        2d8       5%          1

Your spell library contained the following spells:

 Spells                   Type           Power      Damage    Failure   Level
 Passwall                 Erth           12%        N/A       16%         3
 Stone Arrow              Conj/Erth      18%        3d8       24%         3
 Brom's Barrelling Bould  Conj/Erth      9%         2d3       61%         4
 Petrify                  Alch/Erth      7%         N/A       69%         4


Dungeon Overview and Level Annotations

Branches:
Dungeon (1/15)

Altars:


Innate Abilities, Weirdness & Mutations

You cannot wear most types of armour.
You are amphibious.
You can wear up to eight rings at the same time.
Your skin changes colour to match your surroundings (Stealth+).
Your rubbery body absorbs attacks. (AC +1, EV +1)
((You are camouflaged when in or above water. (Stealth+)))
You have tentacles for arms and can constrict up to eight enemies at once.


Message History

The helpless hobgoblin fails to defend itself.
You puncture the hobgoblin!
You kill the hobgoblin!
The goblin shouts!
You hear a shout!
You hit the endoplasm but do no damage. The endoplasm barely misses you.
You hit the endoplasm. You squeeze the endoplasm.
You kill the endoplasm!
Found a whip.
Unknown command.
You hit the goblin. Your grab misses the goblin.
The goblin is severely wounded.
The goblin completely misses you.
You hit the goblin.
You kill the goblin!
A ball python comes into view.
You see here a +0 dagger.
Found a ring mail.
A ball python comes into view.
You see here a +0 sling.
There are monsters nearby!
A ball python comes into view.
A kobold comes into view. It is wielding a +0 dagger.
The ball python hisses angrily. x3
The ball python bites you but does no damage.
The ball python closely misses you.
You completely miss the ball python. Your grab misses the ball python.
Your squeeze misses the ball python. The ball python closely misses you.
The ball python bites you. The ball python closely misses you.
The ball python barely misses you. The ball python grabs you.
The ball python constricts you. The ball python bites you.
The kobold hits you with a +0 dagger. The ball python bites you.
The ball python constricts you. The ball python bites you.
You hit the kobold. Your grab misses the kobold.
The kobold is moderately wounded.
The ball python bites you. x3
* * * LOW HITPOINT WARNING * * *
The ball python constricts you.
* * * LOW HITPOINT WARNING * * *
The kobold hits you with a +0 dagger.
You die...

##....# #.#.#
....###.#.#
#+#.##.#.#
######+#.#.##.#.#
#..........##.#.#
#..........##.#.#
####........#.##.#.#
...[.)S.S...#....#.#
......S@...[#.##..>#
..#....K#.).#.##.###
#.#.#.#.##)..##.# ⌠.
##.⌠.##..##.# #.
#.#.####†##.# #.
#.#.#. #....# . #.⌠
# # .#...# .# # .###
..


You could see 3 ball pythons and a kobold.

Vanquished Creatures
  An endoplasm (D:1)
  2 giant cockroaches (D:1)
  2 goblins (D:1)
  2 hobgoblins (D:1)
  2 jackals (D:1)
  A kobold (D:1)
  A quokka (D:1)
  A rat (D:1)
12 creatures vanquished.

Notes
Turn   | Place    | Note
-------+----------+-------------------------------------------
     0 | D:1      | zenocrate the Octopode Earth Elementalist began the quest
                  | for the Orb.
     0 | D:1      | Reached XP level 1. HP: 11/11 MP: 3/3
    43 | D:1      | Reached XP level 2. HP: 8/18 MP: 3/5
   182 | D:1      | Slain by a kobold

Illustrated notes

Levels and vault maps discovered:
D:1:      dpeg_arrival_line_fractal, layout_basic, hex_intersection,
          grunt_decor_mini_mirrors

Skill      XL: |  1  2 |
---------------+-------+-----
Stealth        | 3 |  3.1
Fighting       | |  0.7
Dodging        | |  2.1
Spellcasting   | |  2.1
Conjurations   | |  1.3
Earth Magic    | |  3.1

Action                     || total
---------------------------++-------
  Melee: Unarmed           ||    16
         Tentacles         ||     8
         Constrict         ||     7
         Dagger            ||    16
   Cast: Sandblast         ||     1
   Stab: Sleeping          ||     1
 Armour: Skin              ||    22
  Dodge: Dodged            ||    40

Table legend: (Time is in decaauts)
 A = Elapsed time spent in this place.
 B = Non-inter-level travel time spent in this place.
 C = Inter-level travel time spent in this place.
 D = Time resting spent in this place.
 E = Time spent auto-exploring this place.
 F = Levels seen in this place.
 G = Mean time per level.
                   A        B        C        D        E       F      G
               +--------+--------+--------+--------+--------+-----+--------+
         Total |    182 |    182 |      0 |      0 |    108 |   1 |  182.0 |
       Dungeon |    182 |    182 |      0 |      0 |    108 |   1 |  182.0 |
               +--------+--------+--------+--------+--------+-----+--------+

Top non-repeatable levels by time:
     D:1: 182 daAuts
